 Dungeon Crawl Stone Soup version 0.19-a0-1490-g5dd3618 (webtiles) character file.

56 epen the Ducker (level 3, -1/28 HPs)
             Began as a Spriggan Monk on Sept 8, 2016.
             Slain by Natasha (5 damage)
             ... on level 2 of the Dungeon.
             The game lasted 00:01:24 (1132 turns).

epen the Ducker (Spriggan Monk)                     Turns: 1132, Time: 00:01:24

Health: -1/28      AC: 21    Str:  7    XL:     3   Next: 71%
Magic:  4/4        EV:  4    Int: 11    God:
Gold:   35         SH:  0    Dex: 19    Spells: 0 memorised, 2 levels left

rFire  . . .     SeeInvis +     a - +0 short sword
rCold  . . .     Gourm    .     (armour currently unavailable)
rNeg   + + +     Faith    .     (shield restricted)
rPois  +         Spirit   .     (helmet currently unavailable)
rElec  .         Dismiss  .     (cloak currently unavailable)
rCorr  .         Reflect  .     (gloves unavailable)
MR     .....     Harm     .     (boots unavailable)
Stlth  ++++...... NoTele   +    (no amulet)
                                (no ring)
                                (no ring)

@: exhausted, tree-form, slowed, very slow
A: unfitting armour, see invisible, herbivore 3, (speed 0), slow metabolism 2
a: no special abilities


You were on level 2 of the Dungeon.
You were not hungry.
You were a tree.
You visited 1 branch of the dungeon, and saw 2 of its levels.

You collected 35 gold pieces.

Inventory:

Hand Weapons
 a - a +0 short sword (weapon)
Armour
 b - a +0 robe (melded)
Jewellery
 g - an uncursed ring of ice
Scrolls
 d - a scroll of remove curse {unknown}
 e - a scroll of immolation {unknown}
 h - a scroll of identify {unknown}
 i - a scroll of fear {unknown}
Comestibles
 c - 2 bread rations
 j - a royal jelly


   Skills:
 + Level 2.6 Fighting
 * Level 4.0 Short Blades
 + Level 5.0 Dodging
 + Level 4.5 Stealth


You had 2 spell levels left.
You didn't know any spells.

Dungeon Overview and Level Annotations

Branches:
Dungeon (2/15)

Altars:
Ashenzari

Annotations:
D:2 Natasha


Innate Abilities, Weirdness & Mutations

You are tiny and cannot use many weapons and most armour.
You have supernaturally acute eyesight. (SInv)
You are a herbivore.
((You cover ground extremely quickly.))
You need consume almost no food.


Message History

You resist with some effort. The crimson imp misses you.
You hit the crimson imp but do no damage.
The crimson imp barely misses you.
You hit the crimson imp but do no damage.
The crimson imp misses you. Natasha casts a spell at you.
The magic dart hits you!
* * * LOW HITPOINT WARNING * * *
The crimson imp blinks! x2
You hit the crimson imp.
The crimson imp is lightly wounded.
Natasha completely misses you. The crimson imp completely misses you.
Natasha barely misses you.
You barely miss Natasha. The crimson imp hits you.
* * * LOW HITPOINT WARNING * * *
Natasha completely misses you. The crimson imp misses you.
It was a potion of lignification.
You turn into a tree.
Your +0 robe melds into your body.
Your roots penetrate the ground.
Natasha claws you.
You die...

#># ... #.#
#########.#
#####..h♣5..#.#
#....5#####.#.# #
#.....#####.#.#
..
#........##.#.#
...
#.....##.##.#.#
..
#..........$#.#.#
########..5.....#
#####§#### #.#


You could see Natasha and 2 crimson imps.

Vanquished Creatures
  Natasha (D:2)
  An ooze (D:1)
  6 goblins (D:1)
  4 hobgoblins (D:1)
  2 jackals (D:1)
  6 bats (D:1)
  3 giant newts (D:1)
  2 kobolds (D:1)
25 creatures vanquished.

Notes
Turn   | Place    | Note
-------+----------+-------------------------------------------
     0 | D:1      | epen the Spriggan Monk began the quest for the Orb.
     0 | D:1      | Reached XP level 1. HP: 11/11 MP: 2/2
   558 | D:1      | Reached XP level 2. HP: 14/16 MP: 3/3
   807 | D:1      | Found a shattered altar of Ashenzari.
   861 | D:1      | Reached XP level 3. HP: 18/19 MP: 4/4
  1084 | D:2      | Noticed Natasha
  1107 | D:2      | Killed Natasha
  1107 | D:2      | Reached skill level 5 in Dodging
  1113 | D:2      | Noticed Natasha
  1132 | D:2      | Slain by Natasha

Vault maps used:
D:1:      dpeg_arrival_long_road, eino_curves_04, nicolae_ashenzari_panopticon
D:2:      first_bread, nemelex_lonely_heart_becter, uniq_natasha, uniq_sigmund

Skill      XL: |  1  2  3 |
---------------+----------+-----
Stealth        | 4 |  4.5
Short Blades   | 4 |  4.0
Dodging        | 5 |  5.0
Fighting       | |  2.6

Action                   || total
-------------------------++-------
Melee: Short sword       ||   105
  Use: Potion            ||     2
 Stab: Distracted        ||     1
       Sleeping          ||     1
Armor: Robe              ||    12
Dodge: Dodged            ||   116
